 Dungeon Crawl Stone Soup version 0.28-b1-25-g9875b3fc8c (console) character file.

Game seed: 8541537057851630285

87 Colgate the Firebug (level 4, -1/24 HPs)
             Began as a Gargoyle Fire Elementalist on Jan 31, 2022.
             Was a Believer of Yredelemnul.
             Killed by divine providence
             ... invoked by an orc priest
              (11 damage)
             ... on level 2 of the Dungeon.
             The game lasted 00:22:14 (2078 turns).

Colgate the Firebug (Gargoyle Fire Elementalist)    Turns: 2078, Time: 00:22:14

Health: -1/24      AC:  8    Str: 11    XL:     4   Next: 51%
Magic:  2/7        EV: 10    Int: 18    God:    Yredelemnul [**....]
Gold:   77         SH:  0    Dex: 10    Spells: 4/7 levels left

rFire   . . .      SeeInvis .   m - +0 short sword
rCold   . . .      Faith    .   (no shield)
rNeg    + . .      Spirit   .   i - +0 ring mail
rPois   ∞          Reflect  .   (no helmet)
rElec   +          Harm     .   (no cloak)
rCorr   .          Rampage  .   (no gloves)
Will    .....                   (no boots)
Stlth   +.........              (no amulet)
HPRegen 0.08/turn               (no ring)
MPRegen 0.10/turn               (no ring)

@: no status effects
A: sickness immunity, AC +3, negative energy resistance 1, electricity
resistance, torment resistance 1, petrification resistance
a: Renounce Religion, Recall Undead Harvest, Dark Bargain


You were on level 2 of the Dungeon.
You worshipped Yredelemnul.
Yredelemnul was noncommittal.
You visited 1 branch of the dungeon, and saw 2 of its levels.

You collected 77 gold pieces.

Inventory:

Hand Weapons
 c - a +0 dagger
 f - a +0 hunting sling
 m - a +0 short sword (weapon)
Missiles
 g - 5 boomerangs
 l - 8 stones
Armour
 a - a +0 robe
 i - a +0 ring mail (worn)
Scrolls
 d - 2 scrolls of magic mapping {unknown}
 k - a scroll of identify {unknown}
Potions
 b - a potion of mutation {unknown}
 e - a potion of attraction {unknown}
 h - 2 potions of invisibility {unknown}
 j - a potion of magic {unknown}


   Skills:
 - Level 1.5 Dodging
 - Level 2.1 Stealth
 - Level 2.0 Spellcasting
 - Level 2.1 Conjurations
 + Level 4.8 Fire Magic


You had 4 spell levels left.
You knew the following spells:

 Your Spells              Type           Power      Damage    Failure   Level
a - Foxfire               Conj/Fire      56%        2x1d6     11%         1
b - Scorch                Fire           38%        2d6       9%          2

Your spell library contained the following spells:

 Spells                   Type           Power      Damage    Failure   Level
 Conjure Flame            Conj/Fire      14%        6-21      30%         3
 Summon Small Mammal      Summ           4%         N/A       41%         1
 Inner Flame              Hex/Fire       10%        N/A       43%         3
 Flame Wave               Conj/Fire      14%        2d6       71%         4
 Call Canine Familiar     Summ           1%         N/A       78%         3
 Summon Guardian Golem    Hex/Summ       1%         N/A       78%         3


Dungeon Overview and Level Annotations

Branches:
Dungeon (2/15)

Altars:
Yredelemnul


Innate Abilities, Weirdness & Mutations

You are immune to sickness and miasma.
Your stone body is resilient. (AC +3)
You are immune to poison.
You resist negative energy. (rN+)
You are resistant to electric shocks. (rElec)
You are resistant to unholy torment.
You are immune to petrification.


Message History

The orc's fire resistance burns away.
You hear a shout!
An orc priest comes into view.
It is wielding a +1 flail of holy wrath.
Flames lash the orc.
The orc is burned terribly!
The orc is severely wounded.
The orc wizard mumbles some strange words.
The orc wizard flickers and vanishes!
Deactivating autopickup; reactivate with Ctrl-A.
The orc priest calls down the wrath of Beogh upon you.
Beogh smites you!
Ouch! That really hurt!
You are too injured to fight recklessly!
You swap places.
You can now trade souls for undead servants.
Your giant cockroach zombie bites the orc but does no damage.
The orc hits your giant cockroach zombie with a +0 dagger.
You swap places.
Your giant cockroach zombie bites the orc but does no damage.
The orc hits your giant cockroach zombie with a +0 dagger.
You swap places.
You swap places.
An orc comes into view. It is wielding a +0 short sword.
The orc shouts!
Your giant cockroach zombie bites the orc but does no damage.
The orc hits your giant cockroach zombie with a +0 dagger.
Your giant cockroach zombie is destroyed!
The orc shouts!
Okay, then.
Are you sure you want to abandon this character and quit the game? (Confirm with "yes".)
Okay, then.
Unknown command.
The orc priest looks braver for a moment.
The orc barely misses your adder zombie.
Your adder zombie bites the orc but does no damage.
You swap places.
The orc is no longer more vulnerable to fire.
The orc priest invokes the aid of Beogh against you.
Beogh smites you!
You die...
Your body rises from the dead as a mindless zombie.

#
###########
Z..........
###.#######
#.# ##...##
#.# #.ZZZ.#
#.# ##ZZZ##
#o# ###.##
#o# # #Z#
#{# #.# #o#
##Z## #@#
##..Z##
####Z#
#.....##


#ZZZZ# ...)...## ##.#### .....ZZZ####Z..## ......ZZZ.ZZ.Z..#
......ZZ####....>... .......## ##.###### #.....## #.# ##...## #.# ##+## #.. You
could see an orc priest, 2 orcs, a friendly spectral endoplasm, a friendly adder
zombie and a friendly goblin zombie.

Vanquished Creatures
  4 adders (D:2)
  3 dart slugs
  An orc (D:2)
  5 endoplasms
  3 giant cockroaches
  4 goblins (D:2)
  3 hobgoblins
  2 quokkas
  7 ball pythons
  4 bats
  5 kobolds
41 creatures vanquished.

Vanquished Creatures (collateral kills)
  A giant cockroach (D:2)
  A goblin (D:2)
  2 foxfires (D:1)
4 creatures vanquished.

Vanquished Creatures (others)
  A giant cockroach zombie (D:2)
  57 foxfires
  2 fungi (D:1)
  2 plants (D:1)
62 creatures vanquished.

Grand Total: 107 creatures vanquished

Notes
Turn   | Place    | Note
-------+----------+-------------------------------------------
     0 | D:1      | Colgate the Gargoyle Fire Elementalist began the quest for
                  | the Orb.
     0 | D:1      | Reached XP level 1. HP: 10/10 MP: 3/3
   155 | D:1      | Reached XP level 2. HP: 15/15 MP: 0/5
   168 | D:1      | Learned a level 2 spell: Scorch
   568 | D:1      | Reached skill level 4 in Fire Magic
   852 | D:1      | Reached XP level 3. HP: 19/19 MP: 3/6
  1231 | D:1      | Found a faded altar of an unknown god.
  1254 | D:1      | Prayed at the altar of an unknown god.
  1254 | D:1      | Became a worshipper of Yredelemnul the Dark
  1254 | D:1      | Reached * piety under Yredelemnul
  1658 | D:2      | Reached XP level 4. HP: 24/24 MP: 2/7
  1744 | D:2      | Reached ** piety under Yredelemnul
  2078 | D:2      | Killed from afar by an orc priest

Illustrated notes

Levels and vault maps discovered:
D:1:      minmay_arrival_shoal_huts, layout_loops_ring,
          shapermc_ecumenical_altar_mp_urbaneastern, nrook_loot_triangle
D:2:      layout_loops_corners, grunt_ministairs_9, minmay_octomino_c4

Skill      XL: |  1  2  3 |
---------------+----------+-----
Fire Magic     | 4 |  4.8
Conjurations   | 2 |  2.1
Dodging        | |  1.5
Stealth        | |  2.1
Spellcasting   | |  2.0

Action                   |  1- 3 |  4- 6 || total
-------------------------+-------+-------++-------
Melee: Unarmed           |     9 |       ||     9
       Dagger            |    24 |       ||    24
       Short sword       |       |     2 ||     2
 Cast: Foxfire           |    34 |     2 ||    36
       Scorch            |    15 |    12 ||    27
 Stab: Sleeping          |     1 |       ||     1
Armor: Robe              |     5 |       ||     5
       Ring mail         |     9 |     2 ||    11
Dodge: Dodged            |    26 |     1 ||    27
